 Dungeon Crawl Stone Soup version 0.31-a0-844-gdc52ec4e09 (webtiles) character file.

Game seed: 13748841851469740201

12654 Kurtz the Cleaver (level 11, -1/81 HPs)
             Began as an Octopode Fighter on Oct 1, 2023.
             Was an Initiate of Gozag.
             Slain by an orc warrior
             ... wielding the +12 glaive of Peatwywn {pain, rPois rN+}
              (20 damage)
             ... in a bailey.
             The game lasted 00:18:34 (12105 turns).

Kurtz the Cleaver (Octopode Fighter)               Turns: 12105, Time: 00:18:35

Health: -1/81      AC:  3    Str: 17    XL:     11   Next: 96%
Magic:  30/30      EV: 24    Int: 11    God:    Gozag
Gold:   1676       SH:  9    Dex: 26    Spells: 9/11 levels left

rFire   . . .        N - +1 hand axe "Alehiex" {heavy, rN+ Will- MP+9 Stlth+}
rCold   . . .        M - +2 buckler
rNeg    + + .        i - +2 hat
rPois   .            (no amulet)
rElec   .            d - ring of positive energy
rCorr   .            q - +5 ring of evasion
SInv    .            k - ring of magical power
Will    .....        p - +6 ring of dexterity
Stlth   ++++++       D - +6 ring of dexterity
HPRegen 0.33/turn    (no ring)
MPRegen 0.22/turn    (no ring)
                     (no ring)

%: no passive effects
@: no status effects
A: almost no armour, amphibious, 8 rings, camouflage 1, gelatinous body 1,
(nimble swimmer 1), tentacles
a: Renounce Religion, Potion Petition, Call Merchant, Bribe Branch


You were in a bailey.
You worshipped Gozag.
Gozag was most pleased with you.
You visited 2 branches of the dungeon, and saw 11 of its levels.
You also visited: Ossuary and Bailey.

You collected 1808 gold pieces.
You paid 132 gold pieces to Gozag.

Inventory:

Hand Weapons
 a - a +0 war axe
 l - a +0 broad axe
 F - a +0 flail of holy wrath
 I - a +5 morningstar
 N - the +1 hand axe "Alehiex" (weapon) {heavy, rN+ Will- MP+9 Stlth+}
   (You found it on level 10 of the Dungeon)

   rN+:       It protects you from negative energy.
   Will-:     It decreases your willpower.
   MP+9:      It affects your magic capacity (+9).
   Stlth+:    It makes you more stealthy.
Missiles
 c - 14 poisoned darts
 m - 5 boomerangs
 s - 2 javelins
Armour
 i - a +2 hat (worn)
 M - a +2 buckler (worn)
Jewellery
 d - a ring of positive energy (left tentacle)
 k - a ring of magical power (on tentacle)
 p - a +6 ring of dexterity (on tentacle)
 q - a +5 ring of evasion (right tentacle)
 D - a +6 ring of dexterity (on tentacle)
 K - a ring of flight
Wands
 j - a wand of paralysis (8) (quivered)
 r - a wand of flame (2)
 G - a wand of polymorph (13)
 H - a wand of digging (3)
 L - a wand of roots (7)
Scrolls
 e - 5 scrolls of fear
 f - 5 scrolls of teleportation
 g - 4 scrolls of vulnerability
 h - 2 scrolls of noise
 n - 3 scrolls of poison
 o - 2 scrolls of silence
 u - 5 scrolls of enchant armour {unknown}
 v - 2 scrolls of brand weapon {unknown}
 x - 2 scrolls of amnesia {unknown}
 y - 2 scrolls of fog {unknown}
 A - a scroll of blinking {unknown}
 J - a scroll of immolation {unknown}
 O - a scroll of acquirement {unknown}
Potions
 b - 2 potions of might
 t - 4 potions of curing
 w - 2 potions of cancellation
 z - 2 potions of resistance {unknown}
 C - 2 potions of mutation
 E - a potion of lignification


   Skills:
 * Level 9.9 Fighting
 * Level 12.6 Axes
 * Level 7.4 Dodging
 + Level 6.5 Stealth
 * Level 7.2 Shields
 * Level 0.8 Spellcasting
 * Level 0.9 Transmutations


You had 9 spell levels left.
You knew the following spells:

 Your Spells              Type           Power      Damage    Failure   Level
a - Wereblood             Tmut           2%         N/A       38%         2

Your spell library contained the following spells:

 Spells                   Type           Power      Damage    Failure   Level
 Necrotise                Necr           0%         1d4       38%         1
 Slow                     Hex            0%         N/A       38%         1
 Sublimation of Blood     Necr           0%         N/A       52%         2
 Confusing Touch          Hex            0%         N/A       77%         3
 Inner Flame              Hex/Fire       0%         N/A       77%         3
 Sigil of Binding         Hex            0%         N/A       77%         3
 Vampiric Draining        Necr           0%         2d6       77%         3
 Flame Wave               Conj/Fire      0%         2d4       99%         4
 Passage of Golubria      Tloc           0%         N/A       99%         4
 Sticky Flame             Conj/Fire      0%         2d3       99%         4
 Vhi's Electric Charge    Tloc/Air       0%         N/A       99%         4
 Agony                    Necr           0%         N/A       100%        5
 Arcjolt                  Conj/Air       0%         1d10      100%        5
 Summon Hydra             Summ           0%         N/A       100%        7
 Maxwell's Capacitive Co  Air            0%         ∞         100%        8


Dungeon Overview and Level Annotations

Branches:
Dungeon (10/15)            Temple (1/1) D:6            Lair (0/5) D:8
    Orc (0/2) D:9         Ossuary (visited)          Bailey (1/1)

Altars:
Ashenzari
Cheibriados
Dithmenos
Elyvilon
Fedhas
Gozag
Hepliaklqana
Kikubaaqudgha
Makhleb
Nemelex Xobeh
Okawaru
Qazlal
Ru
Sif Muna
Trog
Uskayaw
Vehumet
Wu Jian
Xom
Yredelemnul
Zin
The Shining One

Shops:
D:10 (

Annotations:
D:7 exclusion: downstairs, Joseph
D:8 Maggie


Innate Abilities, Weirdness & Mutations

You cannot wear most types of armour.
You are amphibious.
You can wear up to eight rings at the same time.
Your skin changes colour to match your surroundings (Stealth+).
Your rubbery body absorbs attacks. (AC +1, EV +1)
((You are camouflaged when in or above water. (Stealth+)))
You have tentacles for arms and can constrict up to eight enemies at once.


Message History

You start resting.
HP restored.
An orc warrior comes into view. It is wielding a +0 war axe.
You see here a +0 scale mail.
The orc warrior attacks as it pursues you!
The orc warrior closely misses you. You block the orc warrior's attack.
You block the orc warrior's attack.
There is an open door here.
The orc warrior attacks as it pursues you!
You block the orc warrior's attack.
Things that are here:
a +0 hand axe; a +0 leather armour The orc warrior attacks as it pursues you!
You block the orc warrior's attack.
You hit the orc warrior. You grab the orc warrior. You squeeze the orc warrior.
The orc warrior is lightly wounded.
You constrict the orc warrior. The orc warrior completely misses you.
The orc warrior hits you with the +12 glaive of Peatwywn {pain, rPois rN+}!!
You hit the orc warrior but do no damage.
The orc warrior is moderately wounded.
You constrict the orc warrior. You slash the orc warrior!
The orc warrior is severely wounded.
You constrict the orc warrior.
The orc warrior hits you with the +12 glaive of Peatwywn {pain, rPois rN+}!!
* * * LOW HITPOINT WARNING * * *
The orc warrior hits you with the +12 glaive of Peatwywn {pain, rPois rN+}!
* * * LOW HITPOINT WARNING * * *
You feel much better.
You constrict the orc warrior.
The orc warrior hits you with the +12 glaive of Peatwywn {pain, rPois rN+}!!
* * * LOW HITPOINT WARNING * * *
The orc warrior barely misses you.
Unknown command.
You hit the orc warrior but do no damage.
The orc warrior is almost dead.
You hit the orc warrior. You constrict the orc warrior.
The orc warrior hits you with the +12 glaive of Peatwywn {pain, rPois rN+}!!
You die...
Your body crumbles into a pile of gold.

##.### ###.### .....###
###.....###
.......###.........##
........#...........#
........'...........#
..⌠.....#.....⌠.....#
........#...........#
........#.....)..o..#
.......###......@o.###
.....###.###.....#'#.###
##.###
g...###.###.....### )###
......###.........## ..#
......##8..........# ..#
.......#8..........# ..#
.......'.[...⌠....∩# ..#
.......#8..........# ..#
......##8..........#


You could see 2 orc warriors.

Vanquished Creatures
  An orc warlord (Bailey)
  A two-headed ogre (D:9)
  2 death yaks (D:7)
  Maurice (D:7)
  Jeremiah (D:9)
  A komodo dragon (D:10)
  2 trolls (D:9)
  Prince Ribbit (D:6)
  A hornet (D:7)
  A ynoxinul (D:9)
  Eustachio (D:4)
  20 yaks
  A steam dragon (D:8)
  Edmund (D:6)
  Menkaure (D:6)
  2 water moccasins
  Duvessa (D:7)
  2 black bears
  12 orc warriors
  A centaur (D:9)
  2 ogres (D:6)
  3 phantoms
  2 bullfrogs
  2 kobold brigands
  3 scorpions
  A gnoll sergeant (D:8)
  2 water moccasin zombies (Ossuary)
  8 wights
  Dowan (D:7)
  5 killer bees (D:9)
  3 howler monkeys
  A bullfrog zombie (Ossuary)
  4 jellies
  5 hounds
  5 orc priests
  2 gnoll boudas
  6 iguanas
  2 scorpion zombies (Ossuary)
  Ijyb (D:4)
  11 orc wizards
  An ogre zombie (Ossuary)
  8 adders
  15 gnolls
  A shadow imp (D:5)
  An ufetubus (D:6)
  4 adder zombies (Ossuary)
  A worm (D:4)
  2 dart slugs
  38 orcs
  7 endoplasms
  4 giant cockroaches
  2 gnoll zombies (Ossuary)
  16 goblins
  14 hobgoblins
  11 jackals
  17 kobolds
  2 quokkas
  7 ball pythons
  7 bats
  9 frilled lizards
  4 goblin zombies (Ossuary)
  2 hobgoblin zombies (Ossuary)
  An orc zombie (Ossuary)
  5 rats
302 creatures vanquished.

Notes
Turn   | Place    | Note
-------+----------+-------------------------------------------
     0 | D:1      | Kurtz the Octopode Fighter began the quest for the Orb.
     0 | D:1      | Reached XP level 1. HP: 16/16 MP: 1/1
    70 | D:1      | Found a faded altar of an unknown god.
   223 | D:1      | Reached XP level 2. HP: 20/21 MP: 2/2
   263 | D:1      | Reached skill level 3 in Axes
   524 | D:1      | Reached XP level 3. HP: 23/26 MP: 3/3
   971 | D:2      | Reached skill level 4 in Axes
  1026 | D:2      | Reached XP level 4. HP: 27/31 MP: 4/4
  1819 | D:3      | Found a shimmering altar of Xom.
  2092 | D:3      | Reached skill level 5 in Axes
  2096 | D:3      | Reached XP level 5. HP: 36/36 MP: 5/5
  2515 | D:4      | Reached skill level 6 in Axes
  2572 | D:4      | Reached XP level 6. HP: 26/42 MP: 6/6
  2602 | D:4      | Noticed Eustachio
  2675 | D:4      | Killed Eustachio
  2676 | D:4      | Reached skill level 7 in Axes
  2770 | D:4      | Noticed Ijyb
  2775 | D:4      | Found a sand-covered staircase.
  2780 | D:4      | Killed Ijyb
  2795 | Ossuary  | Entered an ossuary
  2898 | Ossuary  | Reached XP level 7. HP: 46/46 MP: 7/7
  3017 | Ossuary  | Reached skill level 8 in Axes
  3191 | Ossuary  | Noticed a silent spectre
  3805 | D:5      | Entered Level 5 of the Dungeon
  3810 | D:5      | Reached skill level 9 in Axes
  3810 | D:5      | Reached XP level 8. HP: 52/52 MP: 8/8
  4102 | D:5      | Reached skill level 10 in Axes
  4183 | D:5      | Found a sparkling altar of Nemelex Xobeh.
  4500 | D:5      | Found an ancient bone altar of Kikubaaqudgha.
  4612 | D:6      | Noticed Edmund
  4624 | D:6      | Killed Edmund
  4631 | D:6      | Reached skill level 11 in Axes
  4699 | D:6      | Noticed Menkaure
  4700 | D:6      | Found a staircase to the Ecumenical Temple.
  4715 | D:6      | Killed Menkaure
  4730 | D:6      | Reached XP level 9. HP: 41/56 MP: 9/9
  4802 | Temple   | Entered the Ecumenical Temple
  4813 | Temple   | Became a worshipper of Gozag Ym Sagoz the Greedy
  5075 | D:6      | Noticed Prince Ribbit
  5082 | D:6      | Killed Prince Ribbit
  5083 | D:6      | Reached skill level 12 in Axes
  5696 | D:7      | Noticed Duvessa
  5696 | D:7      | Noticed Dowan
  5696 | D:7      | Noticed a hornet
  6125 | D:7      | Killed Duvessa
  6244 | D:7      | Reached skill level 1 in Stealth
  6268 | D:7      | Killed Dowan
  6276 | D:7      | Reached XP level 10. HP: 20/65 MP: 10/10
  6437 | D:7      | Learned a level 2 spell: Wereblood
  6738 | D:7      | Reached skill level 5 in Fighting
  6940 | D:7      | Noticed Joseph
  7176 | D:7      | Found a hide-covered altar of Uskayaw.
  7741 | D:8      | Noticed a death yak
  7742 | D:8      | Noticed a death yak
  7742 | D:8      | Noticed a death yak
  7742 | D:8      | Noticed a death yak
  7743 | D:8      | Noticed a death yak
  7757 | D:7      | Killed a death yak
  7956 | D:7      | Killed a death yak
  7957 | D:7      | Reached skill level 5 in Dodging
  7957 | D:7      | Reached skill level 5 in Shields
  8133 | D:8      | Noticed Maggie
  8177 | D:8      | Noticed Maurice
  8186 | D:8      | Something stole a +0 flail of holy wrath
  8189 | D:8      | Something stole 597 gold
  8527 | D:7      | Killed Maurice
  8950 | D:8      | Noticed a death yak
  9453 | D:9      | Reached skill level 5 in Stealth
  9453 | D:9      | Reached XP level 11. HP: 77/77 MP: 11/11
  9498 | D:9      | Noticed a two-headed ogre
  9730 | D:9      | Found a bloodstained altar of Trog.
  9844 | D:9      | Found a shimmering blue altar of Sif Muna.
  9844 | D:9      | Noticed Jeremiah
  9997 | D:9      | Killed Jeremiah
 10072 | D:9      | Got a conspicuous book
 10220 | D:9      | Killed a two-headed ogre
 10700 | D:8      | Found a staircase to the Lair.
 11145 | D:9      | Found a snail-covered altar of Cheibriados.
 11176 | D:9      | Found a glowing golden altar of the Shining One.
 11187 | D:9      | Found a basalt altar of Yredelemnul.
 11238 | D:9      | Found a staircase to the Orcish Mines.
 11280 | D:10     | Entered Level 10 of the Dungeon
 11364 | D:10     | Found Puit's Antique Weapon Shop.
 11409 | D:10     | Found a flagged portal.
 11417 | D:10     | Identified the +1 hand axe "Alehiex" {heavy, rN+ Will- MP+9
                  | Stlth+}
 11422 | Bailey   | Entered a bailey
 12015 | Bailey   | Noticed an orc warlord
 12033 | Bailey   | Killed an orc warlord
 12086 | Bailey   | Identified the +12 glaive of Peatwywn {pain, rPois rN+}
 12105 | Bailey   | Slain by an orc warrior

Illustrated notes

Levels and vault maps discovered:
D:1:      dpeg_arrival_rooms_b, layout_loops_ring,
          ebering_ecumenical_altar_webs, serial_forest,
          infiniplex_forest_lined_2, infiniplex_forest_corner_2,
          infiniplex_forest_end_double, infiniplex_forest_lined_2,
          infiniplex_forest_straight_2, infiniplex_forest_clump_double,
          minmay_pentomino_z2
D:2:      layout_basic, hangedman_abyss_or_decor_lesser_grid
D:3:      layout_loops_ring, mainiacjoe_overflow_concentric_impassable
D:4:      layout_basic, nicolae_ossuary_entry_ruins, uniq_ijyb, uniq_eustachio
D:5:      layout_loops_ring, marbit_many_paths, nemelex_spade_bored_becter,
          hangedman_decor_diamond_cutter
D:6:      layout_basic, minmay_temple_entry_purple_smoke, uniq_prince_ribbit1,
          uniq_menkaure, uniq_edmund
D:7:      layout_basic, nicolae_uskayaw_dance_studio, uniq_joseph, uniq_duvessa
D:8:      layout_basic, dpeg_lair_monsters, uniq_maggie, uniq_maurice
D:9:      layout_basic, grunt_temple_overflow_holy_war,
          nzn_overflow_gifts_of_might_and_magic, cheibriados_altar_1,
          orc_0_dummy, kennysheep_small_square, uniq_jeremiah
D:10:     layout_loops_ring, enter_bailey_2, serial_shops,
          nicolae_shop_peninsula, minivault_25_ag
Temple:   compressed_dpeg_triangle_lava_temple
Bailey:   bailey_axe_minmay_hex_keep, bailey

Skill      XL: |  1  2  3  4  5  6  7  8  9 10 11 |
---------------+----------------------------------+-----
Axes           | 3 4 5 6 7 9 11 12 | 12.6
Stealth        | 1 5 6 |  6.5
Fighting       | 4 7 9 |  9.9
Dodging        | 4 5 7 |  7.4
Shields        | 4 5 7 |  7.2
Spellcasting   | |  0.8
Transmutations | |  0.9

Action                     |  1- 3 |  4- 6 |  7- 9 | 10-12 || total
---------------------------+-------+-------+-------+-------++-------
  Melee: War axe           |    61 |   100 |   252 |   116 ||   529
         Constrict         |    12 |    27 |    46 |    66 ||   151
         Tentacles         |    12 |    16 |    61 |    97 ||   186
         Punch             |       |     2 |     9 |     6 ||    17
         Morningstar       |       |       |       |   144 ||   144
         Unarmed           |       |       |       |     2 ||     2
         Hand axe          |       |       |       |    70 ||    70
  Throw: Javelin           |       |     2 |     3 |       ||     5
         Dart              |       |       |     4 |    38 ||    42
   Cast: Wereblood         |       |       |       |     6 ||     6
  Evoke: Wand              |       |       |       |     9 ||     9
    Use: Scroll            |       |     5 |     2 |     6 ||    13
         Potion            |       |     5 |     1 |     1 ||     7
   Stab: Sleeping          |     3 |    13 |     4 |     2 ||    22
         Distracted        |       |       |     4 |     6 ||    10
         Paralysed         |       |       |       |     7 ||     7
 Armour: Skin              |    27 |    33 |    58 |    91 ||   209
  Dodge: Dodged            |    34 |    78 |   146 |   212 ||   470
  Block: Buckler           |    18 |    16 |    54 |   110 ||   198

Table legend: (Time is in decaauts)
 A = Elapsed time spent in this place.
 B = Non-inter-level travel time spent in this place.
 C = Inter-level travel time spent in this place.
 D = Time resting spent in this place.
 E = Time spent auto-exploring this place.
 F = Levels seen in this place.
 G = Mean time per level.
                   A        B        C        D        E       F      G
               +--------+--------+--------+--------+--------+-----+--------+
         Total |  12196 |  11133 |   1063 |   2434 |   5694 |  13 |  938.2 |
       Dungeon |  11034 |   9981 |   1053 |   2097 |   5510 |  10 | 1103.4 |
        Temple |     20 |     11 |      9 |      0 |      0 |   1 |   20.0 |
       Ossuary |    455 |    455 |      0 |    149 |    105 |   1 |  455.0 |
        Bailey |    685 |    685 |      0 |    188 |     79 |   1 |  685.0 |
               +--------+--------+--------+--------+--------+-----+--------+

Top non-repeatable levels by time:
     D:7: 2588 daAuts
     D:9: 1430 daAuts
     D:8: 1371 daAuts
     D:6: 1113 daAuts
     D:5: 918 daAuts
     D:4: 904 daAuts
     D:1: 886 daAuts
     D:3: 879 daAuts
     D:2: 797 daAuts
  Bailey: 685 daAuts
 Ossuary: 455 daAuts
    D:10: 145 daAuts
  Temple: 20 daAuts
